 Dungeon Crawl Stone Soup version 0.22-a0-358-g7563fe7 (webtiles) character file.

135 Amnesiac the Conjurer (level 4, -4/28 HPs)
             Began as a Deep Elf Conjurer on Apr 18, 2018.
             Splashed by Ijyb's acid (11 damage)
             ... on level 3 of the Dungeon.
             The game lasted 00:03:12 (2337 turns).

Amnesiac the Conjurer (Deep Elf Conjurer)           Turns: 2337, Time: 00:03:12

Health: -4/28      AC: -2    Str:  5    XL:     4   Next: 97%
Magic:  8/11       EV: 13    Int: 23    God:
Gold:   59         SH:  0    Dex: 15    Spells: 2/9 levels left

rFire    . . .     SeeInvis .   (no weapon)
rCold    + . .     Gourm    .   (no shield)
rNeg     . . .     Faith    .   a - +0 robe
rPois    .         Spirit   .   (no helmet)
rElec    .         Reflect  .   (no cloak)
rCorr    .         Harm     .   (no gloves)
MR       .....                  (no boots)
Stlth    ++........             (no amulet)
HPRegen  0.09/turn              e - +2 ring of intelligence
MPRegen  0.12/turn              i - ring of protection from cold

@: corroded
A: no striking features
a: no special abilities


You were on level 3 of the Dungeon.
You were not hungry.

You visited 1 branch of the dungeon, and saw 3 of its levels.

You collected 59 gold pieces.

Inventory:

Armour
 a - a +0 robe (worn)
 k - a +0 helmet
Jewellery
 e - a +2 ring of intelligence (left hand)
 i - a ring of protection from cold (right hand)
 p - a +2 ring of intelligence
Scrolls
 g - a scroll of amnesia {!r, unknown}
 h - a scroll of remove curse {!r, unknown}
 m - a scroll of immolation {!r, unknown}
Potions
 b - a potion of brilliance {!q, unknown}
 d - a potion of might {!q, unknown}
 f - a potion of curing {!q, unknown}
 l - a potion of invisibility {!q, unknown}
 n - a potion of magic {!q, unknown}
 o - 2 potions of lignification {!q, unknown}
 q - a potion of agility {!q, unknown}
Comestibles
 c - a ration
 j - 6 chunks of flesh


   Skills:
 * Level 3.0 Fighting
 + Level 2.9 Dodging
 - Level 2.4 Stealth
 + Level 3.4 Spellcasting
 - Level 5.0 Conjurations


You had 2 spell levels left.
You knew the following spells:

 Your Spells              Type           Power        Failure   Level  Hunger
a - Magic Dart            Conj           ####         1%          1    None
d - Iskenderun's Mystic   Conj           ####....     14%         4    ####...
e - Searing Ray           Conj           ####..       2%          2    ##.....


Dungeon Overview and Level Annotations

Branches:
Dungeon (3/15)

Altars:

Annotations:
D:3 Ijyb


Message History

Aim: a dart slug (severely wounded, clinging)
The magic dart hits the dart slug.
You kill the dart slug!
Casting: Magic Dart (safe; 1% risk of failure)
Confirm with . or Enter, or press ? or * to list all spells.
You can't see any susceptible monsters within range! (Use Z to cast anyway.)
Casting: Magic Dart (safe; 1% risk of failure)
Confirm with . or Enter, or press ? or * to list all spells.
You can't see any susceptible monsters within range! (Use Z to cast anyway.)
q - a fuming emerald potion {!q} A goblin comes into view.
It is wielding a dagger.
Found 13 gold pieces.
A goblin is nearby!
A goblin is nearby!
Casting: Magic Dart (safe; 1% risk of failure)
Confirm with . or Enter, or press ? or * to list all spells.
Aiming: Magic Dart (safe; 1% risk of failure)
Press: ? - help, Shift-Dir - straight line, f - goblin
Aim: a goblin, wielding a dagger (resting)
The magic dart hits the goblin.
You kill the goblin!
Casting: Magic Dart (safe; 1% risk of failure)
Confirm with . or Enter, or press ? or * to list all spells.
You can't see any susceptible monsters within range! (Use Z to cast anyway.)
Casting: Magic Dart (safe; 1% risk of failure)
Confirm with . or Enter, or press ? or * to list all spells.
You can't see any susceptible monsters within range! (Use Z to cast anyway.)
A frilled lizard comes into view.
A frilled lizard is nearby!
Casting: Magic Dart (safe; 1% risk of failure)
Confirm with . or Enter, or press ? or * to list all spells.
Aiming: Magic Dart (safe; 1% risk of failure)
Press: ? - help, Shift-Dir - straight line, f - frilled lizard
Aim: a frilled lizard (resting)
The magic dart hits the frilled lizard.
You kill the frilled lizard!
Your Fighting skill increases to level 3!
Casting: Magic Dart (safe; 1% risk of failure)
Confirm with . or Enter, or press ? or * to list all spells.
You can't see any susceptible monsters within range! (Use Z to cast anyway.)
Casting: Magic Dart (safe; 1% risk of failure)
Confirm with . or Enter, or press ? or * to list all spells.
You can't see any susceptible monsters within range! (Use Z to cast anyway.) Ijyb the Twisted Goblin comes into view.
Casting: Magic Dart (safe; 1% risk of failure)
Confirm with . or Enter, or press ? or * to list all spells.
Aiming: Magic Dart (safe; 1% risk of failure)
Press: ? - help, Shift-Dir - straight line, f - Ijyb
Aim: Ijyb, wearing a leather armour and wearing a runed granite ring (hasn't noticed you)
The magic dart hits Ijyb.
Ijyb shouts!
Ijyb screams, "Me stronger than you!"
Casting: Magic Dart (safe; 1% risk of failure)
Confirm with . or Enter, or press ? or * to list all spells.
Aiming: Magic Dart (safe; 1% risk of failure)
Press: ? - help, Shift-Dir - straight line, f/p - Ijyb
Aim: Ijyb, wearing a leather armour and wearing a runed granite ring The magic dart hits Ijyb.
Ijyb is lightly wounded.
Ijyb zaps a wand.
The bolt of acid hits you!
Ouch! That really hurt!
* * * LOW HITPOINT WARNING * * *
The acid corrodes you!
You are splashed with acid!
The acid burns!
You die...

..............##.......
.......................
..................>....
#......g...###.........
#..........#...#.......
##..........#...#.......
.....##...###...#####+#.
..........# #.........#.
.......@..# #.........#.
..........# #.........#.
..####....# #.....)...#.
......# ###.#.....#.
....#### #.#.##....
...... ###+#.##....
...... #......#....
..###. #......#....
#......#....


You could see Ijyb.

Vanquished Creatures
  An orc priest (D:2)
  3 adders (D:2)
  An ooze (D:2)
  A worm (D:2)
  3 dart slugs
  3 leopard geckos
  2 orcs (D:3)
  2 giant cockroaches (D:1)
  7 goblins
  8 hobgoblins
  5 jackals
  6 bats (D:1)
  5 frilled lizards
  9 kobolds
  6 rats
62 creatures vanquished.

Notes
Turn   | Place    | Note
-------+----------+-------------------------------------------
     0 | D:1      | Amnesiac the Deep Elf Conjurer began the quest for the Orb.
     0 | D:1      | Reached XP level 1. HP: 10/10 MP: 6/6
   152 | D:1      | Reached skill level 1 in Fighting
   267 | D:1      | Reached XP level 2. HP: 16/16 MP: 2/8
   271 | D:1      | Learned a level 2 spell: Searing Ray
   885 | D:2      | Reached XP level 3. HP: 22/22 MP: 5/9
  1144 | D:2      | Reached skill level 5 in Conjurations
  1146 | D:2      | Reached XP level 4. HP: 27/27 MP: 1/10
  1152 | D:2      | Learned a level 4 spell: Iskenderun's Mystic Blast
  1667 | D:2      | Found a faded altar of an unknown god.
  2323 | D:3      | Noticed Ijyb
  2337 | D:3      | Splashed by Ijyb's acid

Vault maps used:
D:1:      lemuel_arrival_muddy
D:2:      chequers_ecumenical_altar_twisty
D:3:      first_ration, uniq_ijyb

Skill      XL: |  1  2  3  4 |
---------------+-------------+-----
Fighting       | 1 2 3 |  3.0
Conjurations   | 5 |  5.0
Dodging        | |  2.9
Stealth        | |  2.4
Spellcasting   | |  3.4

Action                   |  1- 3 |  4- 6 || total
-------------------------+-------+-------++-------
 Cast: Magic Dart        |    79 |    64 ||   143
       Iskenderun's Myst |       |     2 ||     2
  Use: Scroll            |       |     2 ||     2
       Potion            |       |     1 ||     1
  Eat: Chunk             |     1 |     3 ||     4
Armor: Robe              |     1 |     1 ||     2
Dodge: Dodged            |     9 |    10 ||    19

Table legend:
 A = Spawn XP
 B = Non-spawn XP
 C = Spawn XP percentage of total XP
 D = Spawn monster count
 E = Non-spawn monster count
 F = Spawn count percentage of total count
 G = Total turns spent on level
                    A         B        C        D         E        F      G
               +---------+---------+-------+---------+---------+-------+---------
         Total |       0 |     194 |   0.0 |       0 |      62 |   0.0 |  2337
               +---------+---------+-------+---------+---------+-------+---------
           D:1 |       0 |      39 |   0.0 |       0 |      25 |   0.0 |   874
           D:2 |       0 |     135 |   0.0 |       0 |      28 |   0.0 |  1281
           D:3 |       0 |      20 |   0.0 |       0 |       9 |   0.0 |   182
               +---------+---------+-------+---------+---------+-------+---------
